[ AOE2 MATCH · #474988937 ]
UnrankedGoths vs Hindustanis
Player's team · LOSS
[ REPLAY ANALYSIS · EXTRACTED FROM THE RECORDED GAME ]
Feudal
13:43
Castle
18:53
Imperial
37:03
| APM avg | 29.3 |
| APM peak | 73 |
| eAPM avg | 24.6 |
| Villagers / military | 147 / 469 |
Focus
⚔️ 52.1% · 🌾 47.9%
Huskarl ×241 · Spearman ×222 · Trade Cart ×16 · Militia ×5 · Monk ×1
Feudal
14:23
Castle
19:25
Imperial
35:50
| APM avg | 32.7 |
| APM peak | 62 |
| eAPM avg | 20.4 |
| Villagers / military | 132 / 186 |
Focus
⚔️ 37.1% · 🌾 62.9%
Scout Cavalry ×84 · Hand Cannoneer ×49 · Trade Cart ×32 · Bombard Cannon ×30 · Hussite Wagon ×12 · Knight ×8
Feudal
10:09
Castle
21:17
Imperial
33:31
| APM avg | 27.1 |
| APM peak | 62 |
| eAPM avg | 20.3 |
| Villagers / military | 154 / 208 |
Focus
⚔️ 27.3% · 🌾 72.7%
Hand Cannoneer ×115 · Camel Scout ×54 · Bombard Cannon ×14 · Scout Cavalry ×12 · Armored Elephant ×7 · Trade Cart ×5
Feudal
14:16
Castle
20:31
Imperial
39:06
| APM avg | 27.4 |
| APM peak | 66 |
| eAPM avg | 16.2 |
| Villagers / military | 119 / 88 |
Focus
⚔️ 23.4% · 🌾 76.6%
Hussite Wagon ×51 · Bombard Cannon ×20 · Mangonel ×8 · Battering Ram ×4 · Scorpion ×2 · Spearman ×2
Feudal
14:45
Castle
25:39
Imperial
45:13
| APM avg | 48.2 |
| APM peak | 125 |
| eAPM avg | 26.8 |
| Villagers / military | 103 / 111 |
Focus
⚔️ 36.1% · 🌾 63.9%
Archer ×84 · Trade Cart ×37 · Mangonel ×10 · Mameluke ×5 · Battering Ram ×5 · Bombard Cannon ×5
Feudal
11:33
Castle
16:30
Imperial
35:50
| APM avg | 36.5 |
| APM peak | 59 |
| eAPM avg | 28.2 |
| Villagers / military | 205 / 193 |
Focus
⚔️ 30.8% · 🌾 69.2%
Elephant Archer ×165 · Trade Cart ×19 · Trebuchet (Packed) ×12 · Skirmisher ×6 · Mangonel ×5 · Monk ×4
Feudal
14:05
Castle
19:38
Imperial
35:29
| APM avg | 26.0 |
| APM peak | 78 |
| eAPM avg | 20.6 |
| Villagers / military | 182 / 220 |
Focus
⚔️ 31.5% · 🌾 68.5%
War Elephant ×189 · Trade Cart ×56 · Bombard Cannon ×26 · Mangonel ×5
Feudal
13:41
Castle
—
Imperial
—
| APM avg | 6.5 |
| APM peak | 54 |
| eAPM avg | 3.1 |
| Villagers / military | 35 / 0 |
Focus
⚔️ 9.6% · 🌾 90.4%
Match map
Initial resources + every placement click. Lines = walls · curves = elevation contours. ◆ gold · ⬟ stone · ● berries · ✦ relic · ◌ wall gap
Your base· ✓ Closed at 18:53 · 0t walls · no gate
Iron Churry's base· ✓ Closed at 19:25 · 91t walls · no gate
old man's base· ✓ Closed at 21:17 · 15t walls · 2 gate(s)
因为's base· ✓ Closed at 20:31 · 28t walls · no gate
Leonardo il Lombardo's base· ✓ Closed at 25:39 · 26t walls · 4 gate(s)
BocaJuniorsElMasGrande's base· ✓ Closed at 16:30 · 18t walls · no gate
SavarQueue's base· ✓ Closed at 19:38 · 63t walls · no gate
西湖天地's base· ✓ Closed at 12:00 · 27t walls · no gate
Smoothed initial terrain · ◌ = detected wall gap · hover for details
Inputs per minute
— ElCochinote - - Iron Churry
Build order — ElCochinote
First 150 of 814 actions detected
| 0:03 | Build | House |
| 0:05 | Build | House |
| 0:06 | Create | Villager (Male) |
| 0:06 | Create | Villager (Male) |
| 0:07 | Create | Villager (Male) |
| 0:07 | Create | Villager (Male) |
| 0:07 | Create | Villager (Male) |
| 0:07 | Create | Villager (Male) |
| 1:32 | Create | Villager (Male) |
| 1:52 | Build | Lumber Camp |
| 2:09 | Create | Villager (Male) |
| 2:38 | Research | Loom |
| 2:38 | Create | Villager (Male) |
| 2:39 | Create | Villager (Male) |
| 2:39 | Create | Villager (Male) |
| 3:02 | Create | Villager (Male) |
| 3:16 | Create | Villager (Male) |
| 3:47 | Build | House |
| 4:57 | Create | Villager (Male) |
| 4:57 | Create | Villager (Male) |
| 5:12 | Create | Villager (Male) |
| 5:47 | Build | Mill |
| 6:25 | Create | Villager (Male) |
| 6:25 | Create | Villager (Male) |
| 6:45 | Create | Villager (Male) |
| 6:57 | Create | Villager (Male) |
| 7:31 | Build | Farm |
| 7:38 | Create | Villager (Male) |
| 7:38 | Create | Villager (Male) |
| 7:52 | Build | Lumber Camp |
| 7:56 | Create | Villager (Male) |
| 7:56 | Create | Villager (Male) |
| 8:10 | Build | House |
| 8:41 | Build | House |
| 8:45 | Build | Mill |
| 8:55 | Create | Villager (Male) |
| 9:21 | Create | Villager (Male) |
| 9:39 | Create | Villager (Male) |
| 10:26 | Build | Farm |
| 10:34 | Create | Villager (Male) |
| 10:49 | Build | Mining Camp |
| 10:59 | Build | Farm |
| 11:24 | Build | Farm |
| 11:28 | Build | Mining Camp |
| 11:33 | Research | Feudal Age |
| 12:53 | Create | Villager (Male) |
| 12:53 | Create | Villager (Male) |
| 13:34 | Build | Farm |
| 13:38 | Build | Farm |
| 13:43 | Age | Feudal Age |
| 14:36 | Build | Market |
| 14:44 | Build | Blacksmith |
| 14:54 | Create | Villager (Male) |
| 14:55 | Create | Villager (Male) |
| 15:25 | Build | House |
| 15:26 | Build | House |
| 15:27 | Build | House |
| 15:53 | Build | House |
| 16:13 | Research | Castle Age |
| 16:13 | Research | Castle Age |
| 16:14 | Research | Castle Age |
| 16:35 | Build | Barracks |
| 16:50 | Research | Gold Mining |
| 16:51 | Research | Double-Bit Axe |
| 16:56 | Research | Horse Collar |
| 18:22 | Build | Farm |
| 18:23 | Build | Farm |
| 18:23 | Build | Farm |
| 18:23 | Build | Farm |
| 18:23 | Build | Farm |
| 18:29 | Create | Villager (Male) |
| 18:30 | Create | Villager (Male) |
| 18:30 | Create | Villager (Male) |
| 18:42 | Build | Barracks |
| 18:53 | Age | Castle Age |
| 19:07 | Research | Bow Saw |
| 19:53 | Build | House |
| 19:54 | Build | House |
| 19:58 | Build | House |
| 19:59 | Build | House |
| 20:20 | Build | Town Center |
| 20:27 | Create | Villager (Male) |
| 20:28 | Create | Villager (Male) |
| 20:28 | Create | Villager (Male) |
| 20:28 | Create | Villager (Male) |
| 20:57 | Build | Farm |
| 20:58 | Build | Farm |
| 21:49 | Build | Town Center |
| 21:54 | Create | Villager (Male) |
| 21:58 | Create | Villager (Male) |
| 21:59 | Create | Villager (Male) |
| 21:59 | Create | Villager (Male) |
| 21:59 | Create | Villager (Male) |
| 22:06 | Create | Villager (Male) |
| 22:06 | Create | Villager (Male) |
| 22:46 | Build | Town Center |
| 22:51 | Create | Villager (Male) |
| 22:51 | Create | Villager (Male) |
| 22:52 | Create | Villager (Male) |
| 22:52 | Create | Villager (Male) |
| 22:52 | Create | Villager (Male) |
| 23:01 | Build | Lumber Camp |
| 23:08 | Create | Villager (Male) |
| 23:08 | Create | Villager (Male) |
| 23:09 | Create | Villager (Male) |
| 23:09 | Create | Villager (Male) |
| 23:13 | Build | Farm |
| 23:17 | Research | Heavy Plow |
| 23:36 | Research | Pikeman (upgrade) |
| 23:41 | Create | Spearman |
| 23:41 | Create | Spearman |
| 23:41 | Create | Spearman |
| 23:41 | Create | Spearman |
| 23:42 | Create | Spearman |
| 23:42 | Create | Spearman |
| 23:53 | Build | House |
| 23:53 | Build | House |
| 23:56 | Build | House |
| 23:57 | Build | House |
| 24:01 | Create | Villager (Male) |
| 24:01 | Create | Villager (Male) |
| 24:01 | Create | Villager (Male) |
| 24:02 | Create | Villager (Male) |
| 24:11 | Build | Farm |
| 24:12 | Build | Farm |
| 24:12 | Build | Farm |
| 24:13 | Build | Farm |
| 24:13 | Build | Farm |
| 24:13 | Build | Farm |
| 24:15 | Build | Farm |
| 24:24 | Create | Villager (Male) |
| 24:32 | Create | Spearman |
| 24:32 | Create | Spearman |
| 24:33 | Create | Spearman |
| 24:33 | Create | Spearman |
| 25:14 | Create | Villager (Male) |
| 25:15 | Create | Villager (Male) |
| 25:15 | Create | Villager (Male) |
| 25:16 | Create | Villager (Male) |
| 25:16 | Create | Villager (Male) |
| 25:21 | Build | Farm |
| 25:21 | Build | Farm |
| 25:22 | Build | Farm |
| 25:22 | Build | Farm |
| 25:23 | Build | Farm |
| 25:33 | Build | Farm |
| 25:34 | Build | Farm |
| 25:34 | Build | Farm |
| 25:34 | Build | Farm |
| 25:35 | Build | Farm |
Build order — Iron Churry
First 150 of 586 actions detected
| 0:02 | Create | Villager (Male) |
| 0:02 | Create | Villager (Male) |
| 0:03 | Build | House |
| 0:04 | Build | House |
| 0:22 | Create | Villager (Male) |
| 0:22 | Create | Villager (Male) |
| 0:22 | Create | Villager (Male) |
| 0:22 | Create | Villager (Male) |
| 1:26 | Create | Villager (Male) |
| 1:26 | Create | Villager (Male) |
| 1:26 | Create | Villager (Male) |
| 2:02 | Create | Villager (Male) |
| 2:02 | Create | Villager (Male) |
| 2:17 | Research | Loom |
| 2:34 | Create | Villager (Male) |
| 2:56 | Create | Villager (Male) |
| 3:12 | Build | Palisade Wall |
| 3:24 | Create | Villager (Male) |
| 3:50 | Build | House |
| 4:13 | Create | Villager (Male) |
| 4:13 | Create | Villager (Male) |
| 4:39 | Create | Villager (Male) |
| 4:57 | Create | Villager (Male) |
| 5:09 | Build | Lumber Camp |
| 5:22 | Create | Villager (Male) |
| 5:29 | Build | Palisade Wall |
| 5:40 | Create | Villager (Male) |
| 5:40 | Create | Villager (Male) |
| 6:11 | Create | Villager (Male) |
| 6:20 | Create | Villager (Male) |
| 6:39 | Create | Villager (Male) |
| 6:59 | Build | Palisade Wall |
| 7:39 | Create | Villager (Male) |
| 7:40 | Create | Villager (Male) |
| 7:51 | Build | House |
| 8:11 | Create | Villager (Male) |
| 8:11 | Create | Villager (Male) |
| 8:48 | Build | Palisade Wall |
| 8:49 | Create | Villager (Male) |
| 8:49 | Create | Villager (Male) |
| 8:49 | Create | Villager (Male) |
| 9:05 | Build | Palisade Wall |
| 9:19 | Build | Palisade Wall |
| 9:22 | Build | Palisade Wall |
| 9:25 | Create | Villager (Male) |
| 9:29 | Build | Mill |
| 9:33 | Create | Villager (Male) |
| 9:36 | Create | Villager (Male) |
| 9:53 | Build | Palisade Wall |
| 10:00 | Create | Villager (Male) |
| 10:00 | Create | Villager (Male) |
| 10:01 | Create | Villager (Male) |
| 10:04 | Build | House |
| 10:23 | Build | Palisade Wall |
| 10:45 | Build | Palisade Wall |
| 10:58 | Build | Mining Camp |
| 11:33 | Build | House |
| 11:38 | Create | Villager (Male) |
| 12:12 | Build | Palisade Wall |
| 12:13 | Research | Feudal Age |
| 12:24 | Create | Villager (Male) |
| 12:30 | Build | House |
| 12:43 | Create | Villager (Male) |
| 13:02 | Build | House |
| 13:14 | Build | Palisade Wall |
| 13:17 | Build | Palisade Wall |
| 13:18 | Build | Palisade Wall |
| 13:19 | Build | Palisade Wall |
| 13:34 | Build | House |
| 13:58 | Build | Palisade Wall |
| 14:23 | Age | Feudal Age |
| 14:50 | Build | Stone Wall |
| 14:56 | Build | Stone Wall |
| 14:59 | Build | Stone Wall |
| 15:05 | Create | Villager (Male) |
| 15:13 | Build | Market |
| 15:20 | Create | Villager (Male) |
| 15:35 | Build | Stone Wall |
| 16:03 | Build | Stone Wall |
| 16:07 | Create | Villager (Male) |
| 16:17 | Build | Blacksmith |
| 16:45 | Research | Castle Age |
| 17:04 | Build | Mining Camp |
| 17:10 | Research | Double-Bit Axe |
| 17:13 | Research | Horse Collar |
| 17:29 | Build | Stone Wall |
| 17:33 | Build | Stone Wall |
| 18:00 | Build | Stone Wall |
| 18:14 | Create | Villager (Male) |
| 18:18 | Build | Farm |
| 18:21 | Build | Farm |
| 18:23 | Build | Farm |
| 18:26 | Build | Farm |
| 18:28 | Build | Farm |
| 18:32 | Build | Farm |
| 18:46 | Build | Stone Wall |
| 18:48 | Build | Stone Wall |
| 18:51 | Build | Stone Wall |
| 19:10 | Build | Farm |
| 19:25 | Age | Castle Age |
| 19:35 | Build | Stone Wall |
| 19:41 | Build | Town Center |
| 19:45 | Create | Villager (Male) |
| 19:58 | Build | University |
| 20:03 | Create | Villager (Male) |
| 20:13 | Build | Town Center |
| 20:15 | Create | Villager (Male) |
| 20:26 | Research | Bow Saw |
| 20:50 | Create | Villager (Male) |
| 21:07 | Create | Villager (Male) |
| 21:09 | Create | Villager (Male) |
| 21:12 | Build | House |
| 21:17 | Build | House |
| 21:23 | Build | Farm |
| 21:25 | Build | Farm |
| 21:28 | Create | Villager (Male) |
| 21:28 | Create | Villager (Male) |
| 21:35 | Create | Villager (Male) |
| 21:35 | Create | Villager (Male) |
| 21:35 | Create | Villager (Male) |
| 21:37 | Build | Farm |
| 21:51 | Build | Farm |
| 21:55 | Create | Villager (Male) |
| 22:11 | Create | Villager (Male) |
| 22:20 | Build | Siege Workshop |
| 22:28 | Build | Farm |
| 22:31 | Create | Villager (Male) |
| 22:32 | Create | Villager (Male) |
| 22:33 | Build | Farm |
| 22:37 | Build | Farm |
| 22:38 | Create | Villager (Male) |
| 22:42 | Build | Farm |
| 22:45 | Build | Farm |
| 22:49 | Build | Farm |
| 22:49 | Create | Villager (Male) |
| 22:53 | Create | Villager (Male) |
| 22:53 | Create | Villager (Male) |
| 22:56 | Build | Farm |
| 23:06 | Create | Scorpion |
| 23:26 | Create | Villager (Male) |
| 23:29 | Create | Villager (Male) |
| 23:40 | Create | Scorpion |
| 23:56 | Build | Castle |
| 23:58 | Create | Villager (Male) |
| 24:10 | Research | Fortified Wall (upgrade) |
| 24:15 | Build | Stone Wall |
| 24:19 | Create | Villager (Male) |
| 24:20 | Create | Villager (Male) |
| 24:21 | Create | Villager (Male) |
| 24:37 | Build | Stone Wall |
Build order — old man
First 150 of 469 actions detected
| 0:01 | Create | Villager (Male) ×4 |
| 0:03 | Build | House |
| 0:04 | Build | House |
| 1:05 | Create | Villager (Male) |
| 1:33 | Create | Villager (Male) |
| 1:47 | Build | Lumber Camp |
| 1:50 | Research | Loom |
| 2:01 | Create | Villager (Male) ×2 |
| 2:26 | Create | Villager (Male) |
| 2:48 | Build | House |
| 2:53 | Create | Villager (Male) |
| 3:07 | Create | Villager (Male) |
| 4:05 | Create | Villager (Male) ×2 |
| 5:13 | Create | Villager (Male) ×2 |
| 5:29 | Build | House |
| 5:32 | Create | Villager (Male) ×4 |
| 6:45 | Build | Mill |
| 7:11 | Build | Palisade Gate |
| 7:12 | Build | House |
| 7:53 | Build | Mining Camp |
| 7:59 | Research | Feudal Age |
| 9:06 | Build | Barracks |
| 9:25 | Create | Villager (Male) |
| 9:25 | Create | Villager (Male) |
| 10:09 | Age | Feudal Age |
| 10:10 | Build | Stable |
| 10:15 | Research | Double-Bit Axe |
| 11:03 | Create | Scout Cavalry |
| 11:03 | Create | Scout Cavalry |
| 11:16 | Build | Blacksmith |
| 11:17 | Build | House |
| 11:21 | Create | Villager (Male) |
| 11:21 | Create | Villager (Male) |
| 11:37 | Build | Palisade Wall |
| 11:46 | Build | Palisade Gate |
| 11:50 | Create | Villager (Male) |
| 12:26 | Build | Watch Tower |
| 12:34 | Create | Villager (Male) |
| 12:36 | Research | Forging |
| 12:37 | Create | Scout Cavalry |
| 12:49 | Create | Villager (Male) |
| 13:16 | Create | Scout Cavalry |
| 13:34 | Create | Villager (Male) |
| 13:36 | Create | Villager (Male) |
| 13:36 | Create | Villager (Male) |
| 13:44 | Build | House |
| 13:47 | Create | Villager (Male) |
| 14:04 | Create | Scout Cavalry |
| 14:07 | Build | Farm |
| 14:08 | Build | Farm |
| 14:08 | Build | Farm |
| 14:09 | Build | Farm |
| 14:09 | Build | Farm |
| 14:09 | Build | Farm |
| 14:09 | Build | Farm |
| 14:09 | Build | Farm |
| 14:15 | Build | Mill |
| 14:44 | Build | Stable |
| 14:51 | Create | Villager (Male) |
| 14:51 | Create | Villager (Male) |
| 14:54 | Build | Farm |
| 14:56 | Build | Farm |
| 15:29 | Create | Villager (Male) |
| 15:31 | Build | Farm |
| 15:47 | Create | Villager (Male) |
| 15:54 | Create | Scout Cavalry |
| 15:57 | Create | Scout Cavalry |
| 16:03 | Build | Farm |
| 16:04 | Build | Farm |
| 16:05 | Build | Farm |
| 16:11 | Build | House |
| 16:32 | Create | Villager (Male) |
| 16:59 | Build | Farm |
| 17:03 | Build | Farm |
| 17:04 | Build | Farm |
| 17:07 | Build | Farm |
| 17:12 | Create | Villager (Male) |
| 17:17 | Build | House |
| 17:33 | Build | Farm |
| 17:33 | Build | Farm |
| 17:37 | Build | Farm |
| 17:45 | Create | Villager (Male) |
| 18:01 | Create | Villager (Male) |
| 18:19 | Build | Market |
| 18:23 | Create | Villager (Male) |
| 18:30 | Research | Castle Age |
| 18:46 | Research | Horse Collar |
| 19:06 | Build | House |
| 19:07 | Build | House |
| 19:08 | Build | House |
| 19:19 | Research | Bloodlines |
| 19:46 | Research | Wheelbarrow |
| 21:17 | Age | Castle Age |
| 21:19 | Build | Siege Workshop |
| 21:30 | Build | Town Center |
| 21:32 | Research | Bow Saw |
| 21:46 | Build | Mining Camp |
| 21:52 | Research | Gold Mining |
| 22:01 | Create | Armored Elephant |
| 22:23 | Create | Villager (Male) |
| 22:23 | Create | Villager (Male) |
| 22:30 | Create | Armored Elephant |
| 22:44 | Create | Villager (Male) |
| 22:45 | Create | Villager (Male) |
| 22:45 | Create | Villager (Male) |
| 23:12 | Create | Camel Scout |
| 23:12 | Create | Camel Scout |
| 23:12 | Create | Camel Scout |
| 23:19 | Create | Villager (Male) |
| 23:19 | Create | Villager (Male) |
| 23:32 | Create | Armored Elephant |
| 23:41 | Build | Town Center |
| 24:18 | Create | Mangonel |
| 24:38 | Create | Armored Elephant |
| 24:57 | Create | Villager (Male) |
| 24:58 | Create | Villager (Male) |
| 24:58 | Create | Villager (Male) |
| 24:58 | Create | Villager (Male) |
| 25:00 | Create | Villager (Male) |
| 25:00 | Create | Villager (Male) |
| 25:00 | Create | Villager (Male) |
| 25:04 | Build | Farm |
| 25:05 | Build | Farm |
| 25:05 | Build | Farm |
| 25:05 | Build | Farm |
| 25:05 | Build | Farm |
| 25:06 | Build | Farm |
| 25:07 | Build | Farm |
| 25:08 | Build | Farm |
| 25:09 | Build | Farm |
| 25:14 | Create | Villager (Male) |
| 25:14 | Create | Villager (Male) |
| 25:16 | Build | Farm |
| 25:20 | Build | Farm |
| 25:21 | Build | Farm |
| 25:22 | Build | Farm |
| 25:22 | Build | Farm |
| 25:22 | Build | Farm |
| 25:22 | Build | Farm |
| 25:23 | Build | Farm |
| 25:26 | Create | Villager (Male) |
| 25:26 | Create | Villager (Male) |
| 25:27 | Create | Villager (Male) |
| 25:28 | Create | Villager (Male) |
| 25:34 | Build | Farm |
| 25:36 | Build | Farm |
| 26:06 | Create | Armored Elephant |
| 26:06 | Create | Armored Elephant |
| 26:17 | Build | Farm |
| 26:18 | Build | Farm |
Build order — 因为
First 150 of 293 actions detected
| 0:01 | Create | Villager (Male) |
| 0:01 | Create | Villager (Male) |
| 0:03 | Build | House |
| 0:04 | Build | House |
| 0:07 | Build | House |
| 0:35 | Create | Villager (Male) |
| 0:36 | Create | Villager (Male) |
| 0:36 | Create | Villager (Male) |
| 1:00 | Research | Loom |
| 1:26 | Create | Villager (Male) |
| 1:39 | Build | Lumber Camp |
| 1:41 | Create | Villager (Male) |
| 2:02 | Build | Palisade Wall |
| 2:45 | Create | Villager (Male) |
| 2:45 | Create | Villager (Male) |
| 3:44 | Create | Villager (Male) |
| 3:44 | Create | Villager (Male) |
| 4:05 | Create | Villager (Male) |
| 4:52 | Create | Villager (Male) |
| 4:52 | Create | Villager (Male) |
| 4:57 | Build | Mill |
| 6:25 | Create | Villager (Male) |
| 6:25 | Create | Villager (Male) |
| 6:30 | Create | Villager (Male) |
| 7:15 | Create | Villager (Male) |
| 7:16 | Create | Villager (Male) |
| 7:19 | Create | Villager (Male) |
| 7:19 | Create | Villager (Male) |
| 7:49 | Create | Villager (Male) |
| 8:05 | Create | Villager (Male) |
| 8:21 | Create | Villager (Male) |
| 8:36 | Create | Villager (Male) |
| 8:48 | Build | House |
| 9:08 | Build | House |
| 9:24 | Build | Mill |
| 9:49 | Create | Villager (Male) |
| 10:05 | Build | Mill |
| 10:16 | Create | Villager (Male) |
| 10:29 | Build | Palisade Wall |
| 10:44 | Create | Villager (Male) |
| 11:07 | Build | Palisade Wall |
| 12:03 | Create | Villager (Male) |
| 12:06 | Research | Feudal Age |
| 12:06 | Research | Feudal Age |
| 12:29 | Build | Mining Camp |
| 12:37 | Create | Villager (Male) |
| 14:16 | Age | Feudal Age |
| 14:23 | Research | Double-Bit Axe |
| 14:23 | Research | Double-Bit Axe |
| 14:26 | Create | Villager (Male) |
| 14:30 | Create | Villager (Male) |
| 15:10 | Create | Villager (Male) |
| 15:14 | Build | Farm |
| 15:15 | Build | Farm |
| 15:30 | Research | Horse Collar |
| 15:33 | Build | Farm |
| 15:33 | Build | Farm |
| 15:34 | Build | Farm |
| 15:34 | Build | Farm |
| 15:48 | Build | House |
| 15:53 | Build | House |
| 16:23 | Build | Blacksmith |
| 16:34 | Build | Blacksmith |
| 16:37 | Create | Villager (Male) |
| 16:49 | Build | Market |
| 16:56 | Create | Villager (Male) |
| 17:06 | Build | Stone Wall |
| 17:10 | Create | Villager (Male) |
| 17:15 | Build | Mining Camp |
| 17:19 | Build | Farm |
| 17:51 | Research | Castle Age |
| 17:51 | Research | Castle Age |
| 18:31 | Build | Farm |
| 18:45 | Build | House |
| 18:48 | Build | House |
| 18:50 | Build | House |
| 19:06 | Research | Wheelbarrow |
| 19:18 | Build | Farm |
| 19:18 | Build | Farm |
| 19:19 | Build | Farm |
| 19:19 | Build | Farm |
| 20:14 | Create | Villager (Male) |
| 20:31 | Age | Castle Age |
| 20:35 | Research | Bow Saw |
| 20:35 | Research | Bow Saw |
| 20:42 | Build | Monastery |
| 20:52 | Build | Monastery |
| 21:05 | Create | Villager (Male) |
| 21:11 | Build | Town Center |
| 21:38 | Create | Villager (Male) |
| 21:42 | Research | Heavy Plow |
| 21:42 | Research | Heavy Plow |
| 21:44 | Create | Villager (Male) |
| 21:44 | Create | Villager (Male) |
| 22:07 | Create | Monk |
| 22:51 | Research | Hand Cart |
| 23:02 | Create | Villager (Male) |
| 23:15 | Create | Villager (Male) |
| 23:15 | Create | Villager (Male) |
| 23:15 | Create | Villager (Male) |
| 23:17 | Create | Villager (Male) |
| 23:23 | Build | Farm |
| 23:24 | Build | Farm |
| 23:27 | Create | Villager (Male) |
| 23:31 | Create | Villager (Male) |
| 23:42 | Create | Villager (Male) |
| 23:59 | Create | Villager (Male) |
| 24:03 | Build | Town Center |
| 24:18 | Create | Villager (Male) |
| 24:19 | Create | Villager (Male) |
| 24:37 | Build | Town Center |
| 24:45 | Create | Villager (Male) |
| 24:49 | Build | Lumber Camp |
| 24:54 | Create | Villager (Male) |
| 24:56 | Create | Villager (Male) |
| 24:56 | Create | Villager (Male) |
| 25:07 | Build | House |
| 25:42 | Build | Farm |
| 25:44 | Create | Villager (Male) |
| 25:58 | Create | Villager (Male) |
| 25:58 | Create | Villager (Male) |
| 26:04 | Build | House |
| 26:10 | Create | Villager (Male) |
| 26:11 | Create | Villager (Male) |
| 26:14 | Create | Villager (Male) |
| 26:15 | Create | Villager (Male) |
| 26:17 | Create | Villager (Male) |
| 26:18 | Create | Villager (Male) |
| 26:18 | Create | Villager (Male) |
| 26:22 | Create | Villager (Male) |
| 26:22 | Create | Villager (Male) |
| 26:23 | Create | Villager (Male) |
| 26:29 | Create | Villager (Male) |
| 26:29 | Create | Villager (Male) |
| 26:29 | Create | Villager (Male) |
| 26:39 | Create | Villager (Male) |
| 26:39 | Create | Villager (Male) |
| 26:42 | Build | Farm |
| 26:43 | Build | Farm |
| 26:43 | Build | Farm |
| 26:47 | Create | Villager (Male) |
| 26:50 | Create | Villager (Male) |
| 26:59 | Build | Farm |
| 27:00 | Build | Farm |
| 27:00 | Build | Farm |
| 27:03 | Create | Villager (Male) |
| 27:17 | Create | Villager (Male) |
| 27:17 | Create | Villager (Male) |
| 27:30 | Create | Villager (Male) |
| 27:30 | Create | Villager (Male) |
Build order — Leonardo il Lombardo
First 150 of 289 actions detected
| 0:01 | Research | Loom |
| 0:02 | Create | Villager (Male) ×4 |
| 0:04 | Build | House |
| 0:19 | Build | House |
| 1:13 | Build | Palisade Gate |
| 1:35 | Build | Palisade Wall |
| 2:28 | Create | Villager (Male) |
| 2:47 | Create | Villager (Male) |
| 3:45 | Build | House |
| 3:50 | Build | Palisade Wall |
| 3:55 | Build | Palisade Gate |
| 4:01 | Build | Palisade Gate |
| 4:10 | Create | Villager (Male) |
| 4:49 | Build | House |
| 4:59 | Create | Villager (Male) |
| 5:56 | Create | Villager (Male) |
| 6:35 | Create | Villager (Male) |
| 6:57 | Create | Villager (Male) |
| 7:17 | Create | Villager (Male) |
| 7:39 | Create | Villager (Male) |
| 8:05 | Build | Lumber Camp |
| 8:18 | Create | Villager (Male) |
| 8:44 | Create | Villager (Male) |
| 8:58 | Create | Villager (Male) |
| 9:08 | Build | Palisade Gate |
| 9:16 | Create | Villager (Male) |
| 9:30 | Create | Villager (Male) |
| 9:33 | Build | House |
| 9:57 | Build | Mill |
| 10:19 | Create | Villager (Male) |
| 10:39 | Create | Villager (Male) |
| 11:01 | Create | Villager (Male) |
| 11:24 | Build | House |
| 11:35 | Create | Villager (Male) |
| 11:46 | Build | Mill |
| 11:58 | Create | Villager (Male) |
| 12:35 | Research | Feudal Age |
| 13:11 | Build | Palisade Gate |
| 13:13 | Build | House |
| 13:27 | Build | Mining Camp |
| 14:30 | Create | Villager (Male) |
| 14:30 | Create | Villager (Male) |
| 14:36 | Build | Barracks |
| 14:45 | Age | Feudal Age |
| 14:50 | Research | Double-Bit Axe |
| 14:51 | Create | Villager (Male) |
| 15:11 | Build | Gate |
| 15:14 | Build | Stone Wall |
| 15:50 | Build | Archery Range |
| 15:55 | Create | Villager (Male) |
| 16:10 | Build | Market |
| 16:17 | Create | Villager (Male) |
| 16:28 | Create | Villager (Male) |
| 16:30 | Research | Horse Collar |
| 16:35 | Build | Farm |
| 16:46 | Build | Blacksmith |
| 16:52 | Create | Villager (Male) |
| 16:57 | Create | Archer ×2 |
| 17:20 | Create | Villager (Male) |
| 17:28 | Build | Farm |
| 17:29 | Build | Farm |
| 17:29 | Build | Farm |
| 17:29 | Build | Farm |
| 17:30 | Build | Farm |
| 17:44 | Build | House |
| 17:46 | Build | House |
| 17:53 | Build | House |
| 17:55 | Build | House |
| 17:56 | Build | House |
| 18:00 | Create | Archer |
| 18:21 | Build | House |
| 18:24 | Create | Villager (Male) |
| 18:25 | Create | Villager (Male) |
| 18:28 | Research | Wheelbarrow |
| 18:31 | Build | Farm |
| 18:35 | Research | Fletching |
| 18:42 | Create | Archer |
| 18:52 | Build | Farm |
| 19:01 | Create | Villager (Male) |
| 19:12 | Build | Farm |
| 19:14 | Build | Farm |
| 19:17 | Build | Farm |
| 19:22 | Create | Villager (Male) |
| 19:38 | Build | House |
| 19:39 | Build | House |
| 19:41 | Build | House |
| 19:45 | Build | Farm |
| 19:54 | Build | Farm |
| 19:55 | Create | Archer |
| 19:56 | Create | Villager (Male) |
| 20:10 | Create | Villager (Male) |
| 20:13 | Build | Farm |
| 20:17 | Create | Villager (Male) |
| 20:31 | Create | Villager (Male) |
| 20:33 | Create | Archer |
| 20:39 | Build | Farm |
| 20:47 | Create | Villager (Male) |
| 20:49 | Create | Archer |
| 20:59 | Build | Farm |
| 21:02 | Create | Villager (Male) |
| 21:20 | Build | House |
| 21:21 | Build | House |
| 21:21 | Build | House |
| 21:21 | Build | House |
| 21:22 | Build | House |
| 21:23 | Create | Villager (Male) |
| 21:39 | Build | Farm |
| 21:40 | Create | Villager (Male) |
| 22:05 | Build | Farm |
| 22:07 | Create | Villager (Male) |
| 22:18 | Research | Castle Age |
| 22:21 | Build | Farm |
| 22:25 | Create | Archer |
| 22:25 | Create | Archer |
| 22:34 | Research | Padded Archer Armor |
| 22:46 | Build | Mining Camp |
| 22:59 | Build | House |
| 23:02 | Build | House |
| 23:30 | Create | Archer |
| 23:39 | Research | Stone Mining |
| 23:44 | Research | Gold Mining |
| 23:58 | Build | House |
| 24:00 | Build | House |
| 24:05 | Create | Archer |
| 24:48 | Create | Archer |
| 25:39 | Age | Castle Age |
| 25:42 | Research | Bodkin Arrow |
| 25:48 | Research | Bow Saw |
| 25:51 | Research | Heavy Plow |
| 25:52 | Research | Gold Shaft Mining |
| 25:54 | Research | Hand Cart |
| 26:27 | Research | Crossbowman (upgrade) |
| 26:27 | Research | Crossbowman (upgrade) |
| 26:42 | Create | Archer ×2 |
| 26:53 | Create | Villager (Male) |
| 26:55 | Create | Villager (Male) |
| 27:08 | Build | Town Center |
| 27:12 | Create | Villager (Male) |
| 27:35 | Create | Archer |
| 27:42 | Build | Monastery |
| 27:45 | Create | Villager (Male) |
| 28:10 | Research | Thumb Ring |
| 28:21 | Create | Monk |
| 28:42 | Create | Villager (Male) |
| 28:43 | Create | Villager (Male) ×2 |
| 28:56 | Build | Castle |
| 29:28 | Create | Archer ×4 |
| 29:29 | Create | Villager (Male) ×5 |
| 29:51 | Create | Villager (Male) ×3 |
| 29:57 | Build | Town Center |
Build order — BocaJuniorsElMasGrande
First 150 of 654 actions detected
| 0:00 | Create | Villager (Male) |
| 0:00 | Create | Villager (Male) |
| 0:01 | Create | Villager (Male) |
| 0:01 | Create | Villager (Male) |
| 0:01 | Create | Villager (Male) |
| 0:02 | Create | Villager (Male) |
| 0:04 | Build | House |
| 0:04 | Build | House |
| 1:24 | Create | Villager (Male) |
| 1:24 | Create | Villager (Male) |
| 1:24 | Create | Villager (Male) |
| 1:56 | Build | Lumber Camp |
| 2:04 | Create | Villager (Male) |
| 2:04 | Create | Villager (Male) |
| 2:15 | Create | Villager (Male) |
| 2:16 | Create | Villager (Male) |
| 2:58 | Create | Villager (Male) |
| 2:58 | Create | Villager (Male) |
| 2:58 | Create | Villager (Male) |
| 2:58 | Create | Villager (Male) |
| 3:30 | Build | House |
| 3:31 | Build | House |
| 3:44 | Create | Villager (Male) |
| 3:44 | Create | Villager (Male) |
| 3:45 | Research | Loom |
| 3:45 | Research | Loom |
| 3:53 | Create | Villager (Male) |
| 3:53 | Create | Villager (Male) |
| 4:19 | Research | Loom |
| 4:39 | Create | Villager (Male) |
| 4:40 | Create | Villager (Male) |
| 5:03 | Create | Villager (Male) |
| 5:03 | Create | Villager (Male) |
| 5:06 | Build | Mill |
| 5:17 | Create | Villager (Male) |
| 5:17 | Create | Villager (Male) |
| 5:50 | Research | Loom |
| 5:57 | Create | Villager (Male) |
| 5:58 | Create | Villager (Male) |
| 5:58 | Create | Villager (Male) |
| 6:18 | Build | Mill |
| 6:19 | Create | Villager (Male) |
| 6:19 | Create | Villager (Male) |
| 6:19 | Create | Villager (Male) |
| 6:20 | Create | Villager (Male) |
| 6:26 | Create | Villager (Male) |
| 6:26 | Create | Villager (Male) |
| 6:27 | Research | Loom |
| 7:32 | Create | Villager (Male) |
| 7:50 | Research | Loom |
| 8:10 | Build | House |
| 8:22 | Build | Mining Camp |
| 8:33 | Create | Villager (Male) |
| 8:34 | Research | Feudal Age |
| 8:50 | Create | Villager (Male) |
| 8:51 | Research | Feudal Age |
| 9:19 | Create | Villager (Male) |
| 9:58 | Build | Palisade Wall |
| 11:07 | Build | Lumber Camp |
| 11:33 | Age | Feudal Age |
| 11:37 | Build | Blacksmith |
| 11:40 | Build | Market |
| 12:01 | Create | Villager (Male) |
| 12:09 | Create | Villager (Male) |
| 12:31 | Create | Villager (Male) |
| 12:38 | Research | Town Watch |
| 12:57 | Build | House |
| 13:13 | Create | Villager (Male) |
| 13:16 | Build | House |
| 13:17 | Build | House |
| 13:46 | Research | Castle Age |
| 13:46 | Research | Castle Age |
| 14:03 | Build | Stone Wall |
| 14:48 | Research | Double-Bit Axe |
| 14:49 | Research | Horse Collar |
| 14:49 | Research | Horse Collar |
| 15:07 | Build | Lumber Camp |
| 15:12 | Build | Farm |
| 15:15 | Build | Farm |
| 15:16 | Build | Farm |
| 15:44 | Create | Villager (Male) |
| 16:27 | Build | House |
| 16:30 | Age | Castle Age |
| 16:34 | Research | Bow Saw |
| 16:34 | Research | Heavy Plow |
| 16:40 | Build | Monastery |
| 16:43 | Build | Farm |
| 16:44 | Build | Farm |
| 16:45 | Build | Farm |
| 16:46 | Create | Villager (Male) |
| 16:51 | Build | Town Center |
| 17:07 | Create | Villager (Male) |
| 17:20 | Create | Monk |
| 17:30 | Create | Villager (Male) |
| 17:30 | Create | Villager (Male) |
| 17:42 | Build | Farm |
| 17:44 | Build | Farm |
| 18:01 | Create | Villager (Male) |
| 18:08 | Create | Villager (Male) |
| 18:08 | Create | Villager (Male) |
| 18:08 | Create | Villager (Male) |
| 18:20 | Build | Town Center |
| 18:40 | Build | Barracks |
| 18:47 | Create | Villager (Male) |
| 18:56 | Create | Villager (Male) |
| 18:59 | Build | Farm |
| 19:00 | Build | Farm |
| 19:02 | Build | Farm |
| 19:03 | Build | Farm |
| 19:22 | Build | Gate |
| 19:29 | Build | Siege Workshop |
| 19:37 | Build | Gate |
| 19:43 | Create | Villager (Male) |
| 19:43 | Create | Villager (Male) |
| 19:43 | Create | Villager (Male) |
| 19:48 | Create | Villager (Male) |
| 20:11 | Create | Villager (Male) |
| 20:11 | Create | Villager (Male) |
| 20:20 | Create | Scorpion |
| 20:26 | Build | Stone Wall |
| 20:31 | Create | Villager (Male) |
| 20:31 | Create | Villager (Male) |
| 20:38 | Create | Villager (Male) |
| 20:38 | Create | Villager (Male) |
| 20:44 | Create | Villager (Male) |
| 20:44 | Create | Villager (Male) |
| 20:45 | Build | Mill |
| 20:48 | Build | Farm |
| 20:48 | Build | Farm |
| 20:49 | Build | Farm |
| 20:49 | Build | Farm |
| 20:49 | Build | Farm |
| 20:49 | Build | Farm |
| 20:50 | Build | Farm |
| 20:58 | Create | Villager (Male) |
| 20:58 | Create | Villager (Male) |
| 20:58 | Create | Villager (Male) |
| 21:11 | Build | Mining Camp |
| 21:28 | Create | Mangonel |
| 21:29 | Create | Villager (Male) |
| 21:29 | Create | Villager (Male) |
| 21:32 | Build | House |
| 21:39 | Create | Villager (Male) |
| 21:39 | Create | Villager (Male) |
| 21:40 | Build | House |
| 21:40 | Build | House |
| 21:41 | Build | House |
| 21:42 | Build | House |
| 21:57 | Create | Villager (Male) |
| 21:57 | Create | Villager (Male) |
Build order — SavarQueue
First 150 of 716 actions detected
| 0:01 | Create | Villager (Male) |
| 0:02 | Create | Villager (Male) |
| 0:02 | Create | Villager (Male) |
| 0:03 | Build | House |
| 0:05 | Build | House |
| 0:09 | Build | House |
| 0:10 | Create | Villager (Male) |
| 0:10 | Create | Villager (Male) |
| 0:10 | Create | Villager (Male) |
| 1:55 | Create | Villager (Male) |
| 1:56 | Create | Villager (Male) |
| 2:02 | Research | Loom |
| 2:05 | Create | Villager (Male) |
| 2:06 | Create | Villager (Male) |
| 2:19 | Create | Villager (Male) |
| 2:20 | Create | Villager (Male) |
| 2:33 | Build | Palisade Wall |
| 2:50 | Build | Palisade Wall |
| 2:59 | Create | Villager (Male) |
| 3:27 | Create | Villager (Male) |
| 3:27 | Create | Villager (Male) |
| 3:27 | Create | Villager (Male) |
| 3:51 | Build | House |
| 3:52 | Build | House |
| 4:04 | Create | Villager (Male) |
| 4:04 | Create | Villager (Male) |
| 4:04 | Create | Villager (Male) |
| 4:07 | Build | Lumber Camp |
| 4:47 | Create | Villager (Male) |
| 4:48 | Create | Villager (Male) |
| 4:48 | Create | Villager (Male) |
| 4:56 | Create | Villager (Male) |
| 4:56 | Create | Villager (Male) |
| 5:07 | Create | Villager (Male) |
| 5:07 | Create | Villager (Male) |
| 5:34 | Create | Villager (Male) |
| 5:34 | Create | Villager (Male) |
| 6:15 | Build | Palisade Wall |
| 6:17 | Build | Palisade Wall |
| 6:29 | Build | Palisade Wall |
| 6:37 | Create | Villager (Male) |
| 6:37 | Create | Villager (Male) |
| 7:41 | Build | Mill |
| 7:47 | Create | Villager (Male) |
| 7:47 | Create | Villager (Male) |
| 7:52 | Create | Villager (Male) |
| 7:52 | Create | Villager (Male) |
| 8:05 | Build | House |
| 8:06 | Build | House |
| 8:07 | Build | House |
| 8:36 | Create | Villager (Male) |
| 8:36 | Create | Villager (Male) |
| 8:38 | Create | Villager (Male) |
| 9:12 | Build | Mill |
| 9:22 | Create | Villager (Male) |
| 9:25 | Build | Mining Camp |
| 10:50 | Create | Villager (Male) |
| 10:50 | Create | Villager (Male) |
| 10:55 | Build | Farm |
| 10:55 | Build | Farm |
| 10:55 | Build | Farm |
| 10:56 | Build | Farm |
| 10:56 | Build | Farm |
| 10:56 | Build | Farm |
| 11:28 | Create | Villager (Male) |
| 12:02 | Research | Feudal Age |
| 12:02 | Research | Feudal Age |
| 13:06 | Create | Villager (Male) |
| 13:07 | Create | Villager (Male) |
| 13:20 | Build | Farm |
| 13:21 | Build | Farm |
| 13:21 | Build | Farm |
| 13:22 | Build | Farm |
| 13:58 | Create | Villager (Male) |
| 14:05 | Age | Feudal Age |
| 14:09 | Build | Blacksmith |
| 14:22 | Build | Market |
| 14:35 | Build | Mining Camp |
| 14:42 | Create | Villager (Male) |
| 14:52 | Build | Stone Wall |
| 15:21 | Build | Stone Wall |
| 15:31 | Build | Stone Wall |
| 15:40 | Build | Farm |
| 15:40 | Build | Farm |
| 15:42 | Create | Villager (Male) |
| 15:42 | Create | Villager (Male) |
| 15:42 | Create | Villager (Male) |
| 15:42 | Create | Villager (Male) |
| 15:42 | Create | Villager (Male) |
| 16:34 | Build | House |
| 16:35 | Build | House |
| 16:36 | Build | House |
| 16:36 | Build | House |
| 16:37 | Build | House |
| 16:38 | Build | House |
| 16:39 | Build | House |
| 16:40 | Build | House |
| 16:41 | Build | House |
| 16:41 | Build | House |
| 16:42 | Build | House |
| 16:43 | Build | House |
| 16:59 | Research | Castle Age |
| 17:07 | Research | Wheelbarrow |
| 17:21 | Create | Villager (Male) |
| 17:38 | Build | Market |
| 17:57 | Research | Double-Bit Axe |
| 17:58 | Research | Horse Collar |
| 19:11 | Build | Stone Wall |
| 19:20 | Build | Market |
| 19:27 | Create | Trade Cart |
| 19:38 | Age | Castle Age |
| 19:41 | Build | Town Center |
| 19:52 | Create | Villager (Male) |
| 19:52 | Create | Villager (Male) |
| 19:52 | Create | Villager (Male) |
| 19:53 | Create | Villager (Male) |
| 19:53 | Create | Villager (Male) |
| 19:53 | Create | Villager (Male) |
| 19:53 | Create | Villager (Male) |
| 19:54 | Create | Villager (Male) |
| 19:54 | Create | Villager (Male) |
| 20:43 | Build | Farm |
| 21:05 | Build | Town Center |
| 21:21 | Build | Town Center |
| 21:24 | Create | Villager (Male) |
| 21:26 | Create | Villager (Male) |
| 21:26 | Create | Villager (Male) |
| 21:29 | Build | Farm |
| 21:40 | Research | Bow Saw |
| 21:40 | Research | Bow Saw |
| 21:57 | Create | Villager (Male) |
| 21:58 | Create | Villager (Male) |
| 22:03 | Build | Farm |
| 22:05 | Create | Villager (Male) |
| 22:15 | Build | Mining Camp |
| 22:26 | Create | Villager (Male) |
| 22:26 | Create | Villager (Male) |
| 22:36 | Build | Mining Camp |
| 22:39 | Create | Villager (Male) |
| 23:05 | Create | Villager (Male) |
| 23:06 | Create | Villager (Male) |
| 23:07 | Create | Villager (Male) |
| 23:07 | Create | Villager (Male) |
| 23:08 | Create | Villager (Male) |
| 23:08 | Create | Villager (Male) |
| 23:08 | Create | Villager (Male) |
| 23:08 | Create | Villager (Male) |
| 23:08 | Create | Villager (Male) |
| 23:13 | Build | Farm |
| 23:13 | Build | Farm |
Build order — 西湖天地
59 actions detected in the replay
| 0:03 | Create | Villager (Male) |
| 0:04 | Create | Villager (Male) |
| 0:04 | Create | Villager (Male) |
| 0:04 | Create | Villager (Male) |
| 0:05 | Build | House |
| 0:06 | Build | House |
| 0:32 | Research | Loom |
| 0:33 | Create | Villager (Male) |
| 0:33 | Create | Villager (Male) |
| 0:33 | Create | Villager (Male) |
| 1:04 | Build | Palisade Wall |
| 2:05 | Create | Villager (Male) |
| 2:05 | Create | Villager (Male) |
| 3:03 | Build | Palisade Wall |
| 3:15 | Create | Villager (Male) |
| 3:15 | Create | Villager (Male) |
| 3:16 | Create | Villager (Male) |
| 3:58 | Create | Villager (Male) |
| 3:58 | Create | Villager (Male) |
| 4:30 | Create | Villager (Male) |
| 4:30 | Create | Villager (Male) |
| 4:58 | Create | Villager (Male) |
| 4:59 | Create | Villager (Male) |
| 5:14 | Create | Villager (Male) |
| 5:15 | Create | Villager (Male) |
| 5:38 | Build | House |
| 5:57 | Build | Lumber Camp |
| 6:00 | Create | Villager (Male) |
| 6:00 | Create | Villager (Male) |
| 6:00 | Create | Villager (Male) |
| 6:00 | Create | Villager (Male) |
| 6:01 | Create | Villager (Male) |
| 6:07 | Build | House |
| 6:43 | Build | Palisade Wall |
| 7:20 | Create | Villager (Male) |
| 7:49 | Build | Palisade Wall |
| 8:07 | Create | Villager (Male) |
| 8:07 | Create | Villager (Male) |
| 8:16 | Build | Mill |
| 8:53 | Create | Villager (Male) |
| 8:53 | Create | Villager (Male) |
| 9:07 | Build | Mill |
| 9:21 | Build | Mining Camp |
| 9:23 | Create | Villager (Male) |
| 9:42 | Create | Villager (Male) |
| 10:13 | Create | Villager (Male) |
| 10:18 | Build | Farm |
| 10:35 | Create | Villager (Male) |
| 10:37 | Build | Farm |
| 11:05 | Build | Farm |
| 11:06 | Create | Villager (Male) |
| 11:10 | Build | House |
| 11:14 | Research | Feudal Age |
| 11:46 | Build | House |
| 12:22 | Build | House |
| 12:23 | Build | House |
| 12:30 | Build | Farm |
| 12:31 | Build | Farm |
| 13:41 | Age | Feudal Age |
Match timeline
| 1:04 | 西湖天地 · wall_segment Palisade Wall x6 |
| 1:35 | Leonardo il Lombardo · wall_segment Palisade Wall x11 |
| 2:02 | 因为 · wall_segment Palisade Wall x8 |
| 2:33 | SavarQueue · wall_segment Palisade Wall x7 |
| 2:50 | SavarQueue · wall_segment Palisade Wall x11 |
| 3:03 | 西湖天地 · wall_segment Palisade Wall x7 |
| 3:12 | Iron Churry · wall_segment Palisade Wall x6 |
| 3:50 | Leonardo il Lombardo · wall_segment Palisade Wall x11 |
| 5:29 | Iron Churry · wall_segment Palisade Wall x9 |
| 6:15 | SavarQueue · wall_segment Palisade Wall x1 |
| 6:17 | SavarQueue · wall_segment Palisade Wall x1 |
| 6:29 | SavarQueue · wall_segment Palisade Wall x1 |
| 6:43 | 西湖天地 · wall_segment Palisade Wall x7 |
| 6:59 | Iron Churry · wall_segment Palisade Wall x8 |
| 7:49 | 西湖天地 · wall_segment Palisade Wall x7 |
| 8:48 | Iron Churry · wall_segment Palisade Wall x1 |
| 9:05 | Iron Churry · wall_segment Palisade Wall x7 |
| 9:06 | old man · first_building Barracks |
| 9:19 | Iron Churry · wall_segment Palisade Wall x1 |
| 9:22 | Iron Churry · wall_segment Palisade Wall x1 |
| 9:53 | Iron Churry · wall_segment Palisade Wall x8 |
| 9:58 | BocaJuniorsElMasGrande · wall_segment Palisade Wall x8 |
| 10:09 | old man · age_up feudal |
| 10:10 | old man · first_building Stable |
| 10:23 | Iron Churry · wall_segment Palisade Wall x10 |
| 10:29 | 因为 · wall_segment Palisade Wall x7 |
| 10:45 | Iron Churry · wall_segment Palisade Wall x3 |
| 11:07 | 因为 · wall_segment Palisade Wall x11 |
| 11:33 | BocaJuniorsElMasGrande · age_up feudal |
| 11:37 | old man · wall_segment Palisade Wall x15 |
| 12:12 | Iron Churry · wall_segment Palisade Wall x8 |
| 13:14 | Iron Churry · wall_segment Palisade Wall x5 |
| 13:17 | Iron Churry · wall_segment Palisade Wall x1 |
| 13:18 | Iron Churry · wall_segment Palisade Wall x1 |
| 13:19 | Iron Churry · wall_segment Palisade Wall x1 |
| 13:41 | 西湖天地 · age_up feudal |
| 13:43 | ElCochinote · age_up feudal |
| 13:58 | Iron Churry · wall_segment Palisade Wall x7 |
| 14:03 | BocaJuniorsElMasGrande · wall_segment Stone Wall x10 |
| 14:05 | SavarQueue · age_up feudal |
| 14:16 | 因为 · age_up feudal |
| 14:23 | Iron Churry · age_up feudal |
| 14:36 | Leonardo il Lombardo · first_building Barracks |
| 14:45 | Leonardo il Lombardo · age_up feudal |
| 14:50 | Iron Churry · wall_segment Stone Wall x5 |
| 14:52 | SavarQueue · wall_segment Stone Wall x18 |
| 14:56 | Iron Churry · wall_segment Stone Wall x2 |
| 14:59 | Iron Churry · wall_segment Stone Wall x1 |
| 15:14 | Leonardo il Lombardo · wall_segment Stone Wall x4 |
| 15:21 | SavarQueue · wall_segment Stone Wall x10 |
| 15:31 | SavarQueue · wall_segment Stone Wall x13 |
| 15:35 | Iron Churry · wall_segment Stone Wall x1 |
| 15:50 | Leonardo il Lombardo · first_building Archery Range |
| 16:03 | Iron Churry · wall_segment Stone Wall x6 |
| 16:30 | BocaJuniorsElMasGrande · age_up castle |
| 16:35 | ElCochinote · first_building Barracks |
| 16:40 | BocaJuniorsElMasGrande · first_building Monastery |
| 17:06 | 因为 · wall_segment Stone Wall x6 |
| 17:29 | Iron Churry · wall_segment Stone Wall x1 |
| 17:33 | Iron Churry · wall_segment Stone Wall x1 |
| 18:00 | Iron Churry · wall_segment Stone Wall x4 |
| 18:16 | BocaJuniorsElMasGrande · first_market_sell 100 wood |
| 18:18 | BocaJuniorsElMasGrande · first_market_buy 100 stone |
| 18:40 | BocaJuniorsElMasGrande · first_building Barracks |
| 18:46 | Iron Churry · wall_segment Stone Wall x3 |
| 18:48 | Iron Churry · wall_segment Stone Wall x1 |
| 18:51 | Iron Churry · wall_segment Stone Wall x1 |
| 18:53 | ElCochinote · age_up castle |
| 19:11 | SavarQueue · wall_segment Stone Wall x17 |
| 19:25 | Iron Churry · age_up castle |
| 19:29 | BocaJuniorsElMasGrande · first_building Siege Workshop |
| 19:35 | Iron Churry · wall_segment Stone Wall x12 |
| 19:38 | SavarQueue · age_up castle |
| 20:26 | BocaJuniorsElMasGrande · wall_segment Stone Wall x4 |
| 20:31 | 因为 · age_up castle |
| 20:42 | 因为 · first_building Monastery |
| 20:53 | SavarQueue · first_market_sell 100 food |
| 20:55 | SavarQueue · first_market_buy 100 wood |
| 21:17 | old man · age_up castle |
| 21:19 | old man · first_building Siege Workshop |
| 21:27 | old man · first_market_buy 100 stone |
| 21:32 | Iron Churry · first_market_buy 100 food |
| 22:13 | Leonardo il Lombardo · first_market_buy 100 food |
| 22:20 | Iron Churry · first_building Siege Workshop |
| 23:56 | Iron Churry · first_building Castle |
| 24:15 | Iron Churry · wall_segment Stone Wall x1 |
| 24:17 | old man · first_market_sell 100 food |
| 24:37 | Iron Churry · wall_segment Stone Wall x3 |
| 25:26 | BocaJuniorsElMasGrande · wall_segment Stone Wall x16 |
| 25:39 | Leonardo il Lombardo · age_up castle |
| 25:53 | ElCochinote · first_market_buy 100 food |
| 26:08 | Leonardo il Lombardo · first_market_sell 100 food |
| 26:40 | BocaJuniorsElMasGrande · wall_segment Stone Wall x11 |
| 26:44 | Iron Churry · wall_segment Stone Wall x3 |
| 27:09 | BocaJuniorsElMasGrande · wall_segment Stone Wall x6 |
| 27:39 | 因为 · first_building Barracks |
| 27:42 | Leonardo il Lombardo · first_building Monastery |
| 27:50 | BocaJuniorsElMasGrande · wall_segment Stone Wall x7 |
| 28:18 | 因为 · first_building Siege Workshop |
| 28:22 | old man · first_building Monastery |
| 28:45 | BocaJuniorsElMasGrande · wall_segment Stone Wall x8 |
| 28:47 | BocaJuniorsElMasGrande · wall_segment Stone Wall x9 |
| 28:48 | BocaJuniorsElMasGrande · wall_segment Stone Wall x10 |
| 28:50 | BocaJuniorsElMasGrande · wall_segment Stone Wall x13 |
| 28:56 | Leonardo il Lombardo · first_building Castle |
| 28:58 | SavarQueue · first_building Castle |
| 29:30 | BocaJuniorsElMasGrande · wall_segment Stone Wall x7 |
| 29:39 | BocaJuniorsElMasGrande · wall_segment Stone Wall x7 |
| 31:31 | SavarQueue · first_building Monastery |
| 32:51 | ElCochinote · first_building Monastery |
| 33:19 | BocaJuniorsElMasGrande · first_building Castle |
| 33:31 | old man · age_up imperial |
| 34:10 | BocaJuniorsElMasGrande · wall_segment Stone Wall x10 |
| 34:12 | BocaJuniorsElMasGrande · wall_segment Stone Wall x14 |
| 34:14 | BocaJuniorsElMasGrande · wall_segment Stone Wall x14 |
| 34:15 | BocaJuniorsElMasGrande · wall_segment Stone Wall x15 |
| 34:20 | Iron Churry · first_building Barracks |
| 34:31 | 因为 · first_building Castle |
| 34:43 | SavarQueue · first_building Barracks |
| 35:03 | ElCochinote · first_building Castle |
| 35:19 | SavarQueue · first_building Stable |
| 35:20 | Leonardo il Lombardo · first_building Siege Workshop |
| 35:21 | BocaJuniorsElMasGrande · first_building Archery Range |
| 35:29 | SavarQueue · age_up imperial |
| 35:45 | Iron Churry · first_building Archery Range |
| 35:50 | BocaJuniorsElMasGrande · wall_segment Stone Wall x8 |
| 35:50 | Iron Churry · age_up imperial |
| 35:50 | BocaJuniorsElMasGrande · age_up imperial |
| 35:55 | BocaJuniorsElMasGrande · wall_segment Stone Wall x12 |
| 36:28 | Iron Churry · first_market_sell 100 food |
| 37:03 | ElCochinote · age_up imperial |
| 37:41 | ElCochinote · tribute_sent a jugador 1 |
| 37:41 | ElCochinote · tribute_sent a jugador 2 |
| 37:41 | ElCochinote · tribute_sent a jugador 4 |
| 37:41 | ElCochinote · tribute_sent a jugador 5 |
| 37:41 | ElCochinote · tribute_sent a jugador 6 |
| 37:41 | ElCochinote · tribute_sent a jugador 7 |
| 37:41 | ElCochinote · tribute_sent a jugador 8 |
| 37:50 | old man · first_building Castle |
| 37:52 | Leonardo il Lombardo · tribute_sent a jugador 1 |
| 37:52 | Leonardo il Lombardo · tribute_sent a jugador 2 |
| 37:52 | Leonardo il Lombardo · tribute_sent a jugador 3 |
| 37:52 | Leonardo il Lombardo · tribute_sent a jugador 4 |
| 37:52 | Leonardo il Lombardo · tribute_sent a jugador 6 |
| 37:52 | Leonardo il Lombardo · tribute_sent a jugador 7 |
| 37:52 | Leonardo il Lombardo · tribute_sent a jugador 8 |
| 37:57 | BocaJuniorsElMasGrande · wall_segment Stone Wall x13 |
| 38:03 | SavarQueue · wall_segment Stone Wall x10 |
| 38:04 | SavarQueue · wall_segment Stone Wall x11 |
| 38:05 | SavarQueue · wall_segment Stone Wall x13 |
| 38:06 | SavarQueue · wall_segment Stone Wall x12 |
| 38:06 | SavarQueue · wall_segment Stone Wall x14 |
| 39:06 | 因为 · age_up imperial |
| 39:44 | BocaJuniorsElMasGrande · wall_segment Stone Wall x10 |
| 39:53 | BocaJuniorsElMasGrande · wall_segment Palisade Wall x13 |
| 39:55 | SavarQueue · tribute_sent a jugador 1 |
| 39:55 | SavarQueue · tribute_sent a jugador 2 |
| 39:55 | SavarQueue · tribute_sent a jugador 3 |
| 39:55 | SavarQueue · tribute_sent a jugador 4 |
| 39:55 | SavarQueue · tribute_sent a jugador 5 |
| 39:55 | SavarQueue · tribute_sent a jugador 6 |
| 39:55 | SavarQueue · tribute_sent a jugador 8 |
| 40:16 | old man · first_building Archery Range |
| 42:28 | Iron Churry · first_building Stable |
| 42:54 | old man · wall_segment Stone Wall x1 |
| 43:18 | SavarQueue · first_building Siege Workshop |
| 45:13 | Leonardo il Lombardo · age_up imperial |
| 45:58 | ElCochinote · tribute_sent a jugador 1 |
| 45:58 | ElCochinote · tribute_sent a jugador 2 |
| 45:58 | ElCochinote · tribute_sent a jugador 4 |
| 45:58 | ElCochinote · tribute_sent a jugador 5 |
| 45:58 | ElCochinote · tribute_sent a jugador 6 |
| 45:58 | ElCochinote · tribute_sent a jugador 7 |
| 45:58 | ElCochinote · tribute_sent a jugador 8 |
| 46:06 | SavarQueue · tribute_sent a jugador 1 |
| 46:06 | SavarQueue · tribute_sent a jugador 2 |
| 46:06 | SavarQueue · tribute_sent a jugador 3 |
| 46:06 | SavarQueue · tribute_sent a jugador 4 |
| 46:06 | SavarQueue · tribute_sent a jugador 5 |
| 46:06 | SavarQueue · tribute_sent a jugador 6 |
| 46:06 | SavarQueue · tribute_sent a jugador 8 |
| 48:26 | Leonardo il Lombardo · wall_segment Stone Wall x15 |
| 49:50 | 因为 · resign |
| 50:54 | BocaJuniorsElMasGrande · wall_segment Palisade Wall x1 |
| 52:04 | BocaJuniorsElMasGrande · wall_segment Stone Wall x19 |
| 52:05 | BocaJuniorsElMasGrande · wall_segment Stone Wall x20 |
| 52:06 | BocaJuniorsElMasGrande · wall_segment Stone Wall x19 |
| 52:42 | Iron Churry · first_building Monastery |
[ AI ANALYSIS · 1 CREDIT ]
What really happened in this match?
Wolo.gg analyzes every decision: build order, eco, micro, common mistakes by bracket. Personalized analysis on WhatsApp or Discord in 30 seconds.
Civ guide
Goths
Perfil
Jugador #2934257